Workbook

Sheet PRESUPUESTO
C3: Formulario 1 - Propuesta económica - Documento tipo de licitación de obra pública de infraestructura de transporte - versión 4
C4: Código | D4: CCE-EICP-FM-14 | E4: Versión | F4: 4
C5: FORMULARIO 1
C6: PRESUPUESTO OFICIAL
C7: [La entidad puede utilizar este formulario de detalle del presupuesto oficial para determinar las condiciones bajo las cuales los proponentes analizarán y presentarán su propuesta económica de forma detallada, sin perjuicio que la entidad pueda modificarlo o establecer la presentación de la oferta económica con un formulario distinto al indicado.]
C9: Adicionalmente, cuando el proceso de contratación es estructurado por precios unitarios, la Entidad debe aplicar las notas 1, 2, 3,4 Y 5 del presente formulario y las casillas de "Descripción", "Porcentaje" de la Administración, Imprevisto, Utilidad y total A.I.U. resaltadas en color amarillo. Tratándose de otras modalidades de precio, la Entidad puede o no configurar los mismos aspectos.
C10: MANTENIMIENTO Y REHABILITACIÓN DE LA INFRAESTRUCTURA VIAL URBANA, MEDIANTE LA REPARACIÓN Y CONSTRUCCION DE PAVIMENTOS Y PEATONALES, SOBRE LAS AVENIDAS Y VÍAS DE MAYOR CIRCULACIÓN DE LA CIUDAD DE MANIZALES POR EL SISTEMA DE MONTO AGOTABLE
C12: Nº | D12: ÍTEM DE PAGO | E12: DESCRIPCIÓN | F12: UND. | G12: CANTIDAD | H12: VALOR UNITARIO | I12: VALOR TOTAL
C14: PRELIMINARES
C15: 1 | D15: =+APU!A5 -> 001.044 | E15: =+APU!C5 -> DESCAPOTE MANUAL e=0.20 m. | F15: =+APU!E5 -> M2 | G15: 1 | H15: =+APU!K5 -> 3863 | I15: =+ROUND(G15*H15,0) -> 3863
C16: 2 | D16: 001,049 | E16: =+APU!C10 -> SUMINISTRO, TRANSPORTE E INSTALACIÓN CERRAMIENTO EN YUTE H= 2 M | F16: =+APU!E10 -> ML | G16: 1 | H16: =+APU!K10 -> 19194 | I16: =+ROUND(G16*H16,0) -> 19194
C17: 3 | D17: 001.060 | E17: =+APU!C17 -> SUMINISTRO, TRANSPORTE E INSTALACION TECHADO MOVIBLE EN GUADUA Y PLÁSTICO | F17: M2 | G17: 1 | H17: =+APU!K17 -> 14735 | I17: =+ROUND(G17*H17,0) -> 14735
C18: 4 | D18: 001.085 | E18: =+APU!C25 -> LOCALIZACION Y REPLANTEO DE VIAS incluye eje de via y laterales con andenes | F18: ML | G18: 1 | H18: =+APU!K25 -> 6423 | I18: =+ROUND(G18*H18,0) -> 6423
C19: 5 | D19: 029.007 | E19: =+APU!C40 -> DEMOLICIÓN DE ANDENES Y SARDINELES EN CONCRETO HIDRÁULICO - INCLUYE CARGUE A MANO, RETIRO Y DISPOSICIÓN EN BOTADERO | F19: M3 | G19: 1 | H19: =+APU!K40 -> 158032 | I19: =+ROUND(G19*H19,0) -> 158032
C20: 6 | D20: 029.013 | E20: =+APU!C32 -> DEMOLICION MECANICA DE PAVIMENTO CONCRETO ASFALTICO. INCLUYE RETIRO Y DISPOSICION EN SITIO AUTORIZADO | F20: M3 | G20: 1 | H20: =+APU!K32 -> 139924 | I20: =+ROUND(G20*H20,0) -> 139924
C21: 7 | D21: 029.014 | E21: =+APU!C47 -> DEMOLICION MECANICA DE PAVIMENTO EN CONCRETO HIDRAULICO. INCLUYE RETIRO Y DISPOSICION EN SITIO AUTORIZADO | F21: M3 | G21: 1 | H21: =+APU!K47 -> 163897 | I21: =+ROUND(G21*H21,0) -> 163897
C22: 8 | D22: 032.389 | E22: =+APU!C54 -> FRESADO PAVIMENTO ASFÁLTICO, INCLUYE CARGUE MECÁNICO Y RETIRO HASTA 15KM | F22: M3-SUELTO | G22: 1 | H22: =+APU!K54 -> 141936 | I22: =+ROUND(G22*H22,0) -> 141936
C23: 9 | D23: 002.001 | E23: =+APU!C62 -> EXCAVACIÓN EN ZANJA - MATERIAL COMÚN - 0.0 A 2.0 M | F23: M3 | G23: 1 | H23: =+APU!K62 -> 49858 | I23: =+ROUND(G23*H23,0) -> 49858
C24: 10 | D24: 002.015 | E24: =+APU!C68 -> EXCAVACIÓN MECANIZADA P/ESTRUCTURAS-MATER COMÚN/CONGLOM 0.0 A 6.0 M. | F24: M3 | G24: 1 | H24: =+APU!K68 -> 16586 | I24: =+ROUND(G24*H24,0) -> 16586
C25: 11 | D25: 002.016 | E25: =+APU!C73 -> EXCAVACIÓN A CIELO ABIERTO - MATERIAL COMÚN - 0.0 A 2.0 M | F25: M3 | G25: 1 | H25: =+APU!K73 -> 54131 | I25: =+ROUND(G25*H25,0) -> 54131
C26: 12 | D26: 002.017 | E26: =+APU!C79 -> EXCAVACIÓN A CIELO ABIERTO - CONGLOMERADO - 0.0 A 2.0 M | F26: M3 | G26: 1 | H26: =+APU!K79 -> 78346 | I26: =+ROUND(G26*H26,0) -> 78346
C27: 13 | D27: 002.050 | E27: =+APU!C85 -> RELLENO EN MATERIAL SELECCIONADO PROVENIENTE DE LA EXCAVACION (CANGURO) | F27: M3 | G27: 1 | H27: =+APU!K85 -> 49395 | I27: =+ROUND(G27*H27,0) -> 49395
C28: 14 | D28: 033.098 | E28: =+APU!C91 -> SUMINISTRO, TRANSPORTE E INSTALACION FILTRO DRENAJE (0.60 x 0.60 m) Tubo Drenaje Corrugado de 4" con filtro. Incluye relleno piedra filtro, Geotextil NT 3000 | F28: ML | G28: 1 | H28: =+APU!K91 -> 185738 | I28: =+ROUND(G28*H28,0) -> 185738
C29: 15 | D29: 002.086 | E29: =+APU!C100 -> RETIRO DE MATERIAL SOBRANTE EN VOLQUETA, CARGUE MECANICO, DISPOSICIÓN EN BOTADERO (HASTA 25 KM) | F29: =+APU!E100 -> M3-Suelto | G29: 1 | H29: =+APU!K100 -> 45027 | I29: =+ROUND(G29*H29,0) -> 45027
C30: 16 | D30: 002.089 | E30: =+APU!C106 -> RETIRO DE MATERIAL SOBRANTE EN VOLQUETA, CARGUE MANUAL, DISPOSICIÓN EN BOTADERO (HASTA 25 KM) | F30: =+APU!E106 -> M3-Suelto | G30: 1 | H30: =+APU!K106 -> 55139 | I30: =+ROUND(G30*H30,0) -> 55139
C31: Subtotal | I31: =SUM(I15:I30) -> 1182224
C32: BASES
C33: 17 | D33: =+APU!A112 -> 023.008 | E33: =+APU!C112 -> SUMINISTRO, TRANSPORTE E INSTALACION AFIRMADO PARA ANDENES | F33: M3 | G33: 1 | H33: =+APU!K112 -> 155007 | I33: =ROUND(G33*H33,0) -> 155007
C34: 18 | D34: 023.009 | E34: =+APU!C119 -> SUMINISTRO, TRANSPORTE E INSTALACION BASE COMPACTADA CON CILINDRO | F34: M3 | G34: 1 | H34: =+APU!K119 -> 263598 | I34: =ROUND(G34*H34,0) -> 263598
C35: 19 | D35: =+APU!A128 -> 023.010 | E35: =+APU!C128 -> SUMINISTRO, TRANSPORTE E INSTALACION BASE COMPACTADA CON RANA | F35: M3 | G35: 1 | H35: =+APU!K128 -> 270613 | I35: =ROUND(G35*H35,0) -> 270613
C36: 20 | D36: =+APU!A137 -> 023.011 | E36: =+APU!C137 -> SUMINISTRO, TRANSPORTE E INSTALACION SUB BASE COMPACTADA CON RANA | F36: M3 | G36: 1 | H36: =+APU!K137 -> 266429 | I36: =ROUND(G36*H36,0) -> 266429
C37: 21 | D37: =+APU!A146 -> 023.012 | E37: =+APU!C146 -> SUMINISTRO, TRANSPORTE E INSTALACION SUB BASE COMPACTADA CON CILINDRO | F37: M3 | G37: 1 | H37: =+APU!K146 -> 259414 | I37: =ROUND(G37*H37,0) -> 259414
C38: Subtotal | I38: =SUM(I33:I37) -> 1215061
C39: CAPA DE RODADURA
C40: 22 | D40: 023.001 | E40: =+APU!C155 -> SUMINISTRO, TRANSPORTE E INSTALACION DE PAVIMENTO EN CONCRETO PREMEZCLADO FAST TRACK | F40: M3 | G40: 1 | H40: =+APU!K155 -> 1633140 | I40: =ROUND(G40*H40,0) -> 1633140
C41: 23 | D41: 033.117 | E41: =+APU!C168 -> SUMINISTRO, TRANSPORTE E INSTALACION PAVIMENTO EN CONCRETO PREMEZCLADO MR 42 | F41: =+APU!E168 -> M3 | G41: 1 | H41: =+APU!K168 -> 1419298 | I41: =ROUND(G41*H41,0) -> 1419298
C42: 24 | D42: =+APU!A182 -> 023.028 | E42: =+APU!C182 -> SUMINISTRO, TRANSPORTE E INSTALACION PAVIMENTO EN CONCRETO MR 42 HECHO EN OBRA | F42: M3 | G42: 1 | H42: =+APU!K182 -> 1134989 | I42: =ROUND(G42*H42,0) -> 1134989
C43: 25 | D43: =+APU!A195 -> 023.037 | E43: =+APU!C195 -> SUMINISTRO, TRANSPORTE E INSTALACIÓN DE ACELERANTE PARA CONCRETOS Y PAVIMENTOS RIGIDOS | F43: KG | G43: 1 | H43: =+APU!K195 -> 33823 | I43: =ROUND(G43*H43,0) -> 33823
C44: 26 | D44: =+APU!A201 -> 023.002 | E44: =+APU!C201 -> SUMINISTRO, TRANSPORTE E INSTALACION IMPRIMACION CON EMULSION ASFALTICA según norma INVIAS. | F44: M2 | G44: 1 | H44: =+APU!K201 -> 8163 | I44: =ROUND(G44*H44,0) -> 8163
C45: 27 | D45: =+APU!A210 -> 023.004 | E45: =+APU!C210 -> SUMINISTRO, TRANSPORTE E INSTALACION MEZCLA ASFALTICA TIPO MDC-19 según norma INVIAS. Extendido y compactado | F45: M3 | G45: 1 | H45: =+APU!K210 -> 1799366 | I45: =ROUND(G45*H45,0) -> 1799366
C46: 28 | D46: =+APU!A222 -> 023.031 | E46: =+APU!C222 -> SUMINISTRO, TRANSPORTE E INSTALACION MEZCLA ASFALTICA TIPO MDC-19 PARA PARCHEO MANTENIMIENTO. | F46: =+APU!E222 -> M3-SUELTO | G46: 1 | H46: =+APU!K222 -> 1909085 | I46: =ROUND(G46*H46,0) -> 1909085
C47: 29 | D47: 023.034 | E47: =+APU!C239 -> CORTE MECANIZADO DE PAVIMENTO A=5 mm profundidad un tercio del espesor | F47: ML | G47: 1 | H47: =+APU!K239 -> 13609 | I47: =ROUND(G47*H47,0) -> 13609
C48: 30 | D48: 023.036 | E48: =+APU!C231 -> SUMINISTRO, TRANSPORTE E INSTALACION SELLO DE JUNTA DE PAVIMENTO RIGIDO 5mm | F48: ML | G48: 1 | H48: =+APU!K231 -> 16283 | I48: =ROUND(G48*H48,0) -> 16283
C49: Subtotal | I49: =SUM(I40:I48) -> 7967756
C50: ANDENES Y SARDINELES
C51: 31 | D51: =+APU!A245 -> 032.016 | E51: =+APU!C245 -> SUMINISTRO, TRANSPORTE E INSTALACION ANDEN CONCRETO 3000 PSI E= 0.10M. ACABADO: ESCOBIADO | F51: M2 | G51: 1 | H51: =+APU!K245 -> 149169 | I51: =ROUND(G51*H51,0) -> 149169
C52: 32 | D52: 021.016 | E52: =+APU!C255 -> SUMINISTRO, TRANSPORTE E INSTALACION SARDINEL CHAFLANADO ANCHO = 20 CM H = ENTRE 17 Y 24 CM EN CONCRETO 3000 PSI | F52: ML | G52: 1 | H52: =+APU!K255 -> 106031 | I52: =ROUND(G52*H52,0) -> 106031
C53: 33 | D53: 021.034 | E53: =+APU!C264 -> SUMINISTRO, TRANSPORTE E INSTALACION ESCALAS CONCRETO 3000 PSI E= 0.10M. SOBRE TIERRA ACABADO ESCOBIADO | F53: M2 | G53: 1 | H53: =+APU!K264 -> 219808 | I53: =ROUND(G53*H53,0) -> 219808
C54: 34 | D54: 032.015 | E54: =+APU!C276 -> CORTE MECANIZADO DE ANDEN EN CONCRETO CON DISCO (3,5CM) | F54: ML | G54: 1 | H54: =+APU!K276 -> 12173 | I54: =ROUND(G54*H54,0) -> 12173
C55: 35 | D55: 006.031 | E55: =+APU!C282 -> SUMINISTRO, TRANSPORTE E INSTALACION ANCLAJE EPOXICO 3/8" L=15 CM (INCLUYE PERFORACIÓN Y ADHESIVO EPÓXICO) | F55: UN | G55: 1 | H55: =+APU!K282 -> 42844 | I55: =ROUND(G55*H55,0) -> 42844
I56: =SUM(I51:I55) -> 530025
C57: ACERO
C58: 36 | D58: AB1 | E58: =+APU!C293 -> ACERO 60.000 PSI (INCLUYE ALAMBRE NEGRO Y FIGURACIÓN ) | F58: KG | G58: 1 | H58: =+APU!K293 -> 9981 | I58: =ROUND(G58*H58,0) -> 9981
C59: 37 | D59: 023.045 | E59: =+APU!C300 -> CANASTILLA DE SOPORTE DE DOVELAS EN HIERRO 3/8" Y 1/4" | F59: ML | G59: 1 | H59: =+APU!K300 -> 22315 | I59: =ROUND(G59*H59,0) -> 22315
C60: 38 | D60: 023.046 | E60: =+APU!C305 -> DOVELAS DE ACERO LISO 60000 PSI PARA PAVIMENTOS | F60: KG | G60: 1 | H60: =+APU!K305 -> 20179 | I60: =ROUND(G60*H60,0) -> 20179
C61: Subtotal | I61: =SUM(I58:I60) -> 52475
C62: SEÑALIZACIÒN
C63: 39 | D63: 023.048 | E63: =+APU!C311 -> SUMINISTRO, TRANSPORTE E INSTALACION DEMARCACION PASOS PEATONALES, LINEAS DE PARE, SIMBOLOS, TEXTOS Y OTRAS, CON PINTURA PLASTICO EN FRIO METODO LLANA | F63: M2 | G63: 1 | H63: =+APU!K311 -> 99456 | I63: =ROUND(G63*H63,0) -> 99456
C64: 40 | D64: 023.049 | E64: =+APU!C319 -> SUMINISTRO, TRANSPORTE E INSTALACION DEMARCACION LINEAS CENTRALES CON PINTURA PLÁSTICA EN FRIO APLICADA CON VEHICULO (DE BORDE, DE CARRIL Y OTRAS (Ancho 12cms) | F64: ML | G64: 1 | H64: =+APU!K319 -> 11619 | I64: =ROUND(G64*H64,0) -> 11619
C65: Subtotal | I65: =SUM(I63:I64) -> 111075
C66: VARIOS
C67: 41 | D67: 024.112 | E67: =+APU!C327 -> SUMINISTRO, TRANSPORTE E INSTALACION SUMIDERO DOBLE REJA TIPO SIFÓN EN CONCRETO CLASE II-TAPA ANTIRUIDO | F67: UND | G67: 1 | H67: =+APU!K327 -> 3619031 | I67: =ROUND(G67*H67,0) -> 3619031
C68: 42 | D68: 024.088 | E68: =+APU!C342 -> SUMINISTRO, TRANSPORTE E INSTALACION ARO TAPA HF D=0.68 M. P/CÁMARA DE INSPECCIÓN | F68: UND | G68: 1 | H68: =+APU!K342 -> 1154027 | I68: =ROUND(G68*H68,0) -> 1154027
C69: 43 | D69: 024.089 | E69: =+APU!C349 -> TRANSPORTE E INSTALACION ARO TAPA HF D=0.68 M. P/CÁMARA DE INSPECCIÓN | F69: UND | G69: 1 | H69: =+APU!K349 -> 242939 | I69: =ROUND(G69*H69,0) -> 242939
C70: 44 | D70: 001.083 | E70: =+APU!C354 -> SOBREACARREO AL HOMBRO FUERTE PENDIENTE (después de 50m de acarreo libre) | F70: =+APU!E354 -> M3 - HM | G70: 1 | H70: =+APU!K354 -> 187212 | I70: =ROUND(G70*H70,0) -> 187212
C71: 45 | D71: 001.084 | E71: =+APU!C358 -> TRANSPORTE POR DÍA LABORADO VEHÍCULO AUTOMOTOR TIPO CAMIONETA DE ESTACAS O SIMILAR. INCLUYE CONDUCTOR Y COMBUSTIBLE | F71: DIA | G71: 1 | H71: =+APU!K358 -> 296817 | I71: =ROUND(G71*H71,0) -> 296817
C72: 46 | D72: 030.002 | E72: =+APU!C361 -> JORNAL AYUDANTE | F72: =+APU!E361 -> DIA | G72: 1 | H72: =+APU!K361 -> 117344 | I72: =ROUND(G72*H72,0) -> 117344
C73: 47 | D73: 030.003 | E73: =+APU!C364 -> REGULADOR DE TRANSITO | F73: DIA | G73: 1 | H73: =+APU!K364 -> 156924 | I73: =ROUND(G73*H73,0) -> 156924
C74: 48 | D74: 032.390 | E74: =+APU!C367 -> RECARGO DE OFICIAL EN DIA DOMNIICAL Y FESTIVO | F74: HR | G74: 1 | H74: =+APU!K367 -> 25615 | I74: =ROUND(G74*H74,0) -> 25615
C75: 49 | D75: 032.391 | E75: =+APU!C370 -> RECARGO DE AYUDANTE EN DIA DOMNIICAL Y FESTIVO | F75: HR | G75: 1 | H75: =+APU!K370 -> 16009 | I75: =ROUND(G75*H75,0) -> 16009
C76: 50 | D76: 032.392 | E76: =+APU!C373 -> RECARGO DE OFICIAL EN JORNADA NOCTURNA | F76: HR | G76: 1 | H76: =+APU!K373 -> 19211 | I76: =ROUND(G76*H76,0) -> 19211
C77: 51 | D77: 032.393 | E77: =+APU!C376 -> RECARGO DE OFICIAL EN JORNADA NOCTURNA | F77: HR | G77: 1 | H77: =+APU!K376 -> 12006 | I77: =ROUND(G77*H77,0) -> 12006
C78: Subtotal | I78: =SUM(I67:I77) -> 5847135
C79: SUBTOTAL OBRAS | I79: =+I31+I38+I49+I56+I61+I65+I78 -> 16905751
E81: SUBTOTAL OBRAS (INCLUYE IVA) | I81: =I79 -> 16905751
E82: VALOR TOTAL | I82: =I81 -> 16905751
C85: NOTA 1: Se debe tener en cuenta que el PRECIO UNITARIO incluye el valor de A.I.U. | F85: DESCRIPCION | I85: PORCENTAJE
C86: NOTA 2: Cuando la fracción decimal del peso sea igual o superior a 5 se aproximará por exceso al número entero siguiente del peso y cuando la fracción decimal del peso sea inferior a 5 se aproximará por defecto al número entero del peso. | F86: ADMINISTRACIÓN | H86: A= | I86: =+AIU!J50 -> 0.29219813
C87: NOTA 3: El A.I.U y su discriminación deben estar en porcentaje (%). | F87: IMPREVISTO | H87: I= | I87: 0
C88: NOTA 4: Siguiendo las recomendaciones de la Guía de Colombia Compra Eficiente, presentar la oferta | F88: UTILIDAD | H88: U= | I88: ='[1]AIU KevinAngel'!J48 -> 0.06
C89: NOTA 5: Revisar el Formulario 1 de Presupuesto con sus decimales y tenerlos en cuenta para la presentación de la propuesta económica. | F89: TOTAL A.I.U | H89: A.I.U.= | I89: =SUM(I86:I88) -> 0.35219813
C96: ANGELA MARCELA PARRA ALZATE | F96: FERNANDO GOMEZ ECHEVERRY
C97: PROFESIONAL UNIVERSITARIA | F97: CONTRATISTA
C98: SECRETARIA DE INFRAESTRUCTURA | F98: SECRETARIA DE INFRAESTRUCTURA

Sheet APU
J4: AIU
A5: 001.044 | B5: - | C5: DESCAPOTE MANUAL e=0.20 m. | D5: Actividad | E5: M2 | I5: 2857 | J5: =+ROUND(AIU!J54,4) -> 0.3522 | K5: =ROUND(+I5*(1+J5),0) -> 3863
A6: 001.044 | B6: C44 | C6: CUADRILLA AA (2 AYUDANTES) | D6: Cuadrilla | E6: HR | F6: 0.1 | G6: 23678 | H6: 2368
A7: 001.044 | B7: H2 | C7: EQUIPO BASICO (HERRAMIENTA MENOR) | D7: Herramienta | E7: UND | F7: 0.09 | G7: 3484 | H7: 314
A8: 001.044 | B8: I1565 | C8: ACARREO INTERNO | D8: Insumos | E8: UND | F8: 0.096 | G8: 1824 | H8: 175
A10: 001.049 | B10: - | C10: SUMINISTRO, TRANSPORTE E INSTALACIÓN CERRAMIENTO EN YUTE H= 2 M | D10: Actividad | E10: ML | I10: 14195 | J10: =+$J$5 -> 0.3522 | K10: =ROUND(+I10*(1+J10),0) -> 19194
A11: 001.049 | B11: C1 | C11: CUADRILLA AA TIPO 1 (1 OFICIAL + 1 AYUDANTE) (Albañileria) | D11: Cuadrilla | E11: HR | F11: 0.16 | G11: 30782 | H11: 4925
A12: 001.049 | B12: H2 | C12: EQUIPO BASICO (HERRAMIENTA MENOR) | D12: Herramienta | E12: UND | F12: 0.16 | G12: 3484 | H12: 557
A13: 001.049 | B13: I425 | C13: PUNTILLA CON CABEZA 2" | D13: Insumos | E13: LB | F13: 0.2 | G13: 5100 | H13: 1020
A14: 001.049 | B14: I447 | C14: FIBRA PARA CERRAMIENTO PROVISIONAL H=2,1M | D14: Insumos | E14: M | F14: 1 | G14: 4332 | H14: 4332
A15: 001.049 | B15: I986 | C15: GUADUA CEPA DE 5 VARAS | D15: Insumos | E15: UND | F15: 0.35 | G15: 9603 | H15: 3361
A17: 001.060 | B17: - | C17: SUMINISTRO, TRANSPORTE E INSTALACION TECHADO MOVIBLE EN GUADUA Y PLÁSTICO | D17: Actividad | E17: M2 | I17: 10897 | J17: =+$J$5 -> 0.3522 | K17: =ROUND(+I17*(1+J17),0) -> 14735
A18: 001.060 | B18: C22 | C18: CUADRILLA AA TIPO 4 (1 OFICIAL + 4 AYUDANTE) (Albañileria) | D18: Cuadrilla | E18: HR | F18: 0.08 | G18: 66299 | H18: 5304
A19: 001.060 | B19: E12 | C19: EQUIPO DE TRANSPORTE | D19: Equipos | E19: DIA | F19: 0.00052 | G19: 180217 | H19: 94
A20: 001.060 | B20: H2 | C20: EQUIPO BASICO (HERRAMIENTA MENOR) | D20: Herramienta | E20: UND | F20: 0.15 | G20: 3484 | H20: 523
A21: 001.060 | B21: I1565 | C21: ACARREO INTERNO | D21: Insumos | E21: UND | F21: 0.159 | G21: 1824 | H21: 290
A22: 001.060 | B22: I455 | C22: ESTRUCTURA EN GUADUA | D22: Insumos | E22: M2 | F22: 0.25 | G22: 3151 | H22: 788
A23: 001.060 | B23: I456 | C23: PLÁSTICO TRANSPARENTE CALIBRE 6 | D23: Insumos | E23: M2 | F23: 1.1 | G23: 3544 | H23: 3898
A25: 001.085 | B25: - | C25: LOCALIZACION Y REPLANTEO DE VIAS incluye eje de via y laterales con andenes | D25: Actividad | E25: ML | I25: 4750 | J25: =+$J$5 -> 0.3522 | K25: =ROUND(+I25*(1+J25),0) -> 6423
A26: 001.085 | B26: H2 | C26: EQUIPO BASICO (HERRAMIENTA MENOR) | D26: Herramienta | E26: UND | F26: 0.05 | G26: 3484 | H26: 174
A27: 001.085 | B27: I1015 | C27: PINTURA ACRILICA PARA TRAFICO TIPO PINTUCO (PINTUTRÁFICO) O SIMILAR - COLORES: BLANCO, AMARILLO O NEGRO SEGÚN DISEÑO. | D27: Insumos | E27: GAL | F27: 0.008 | G27: 151470 | H27: 1212
A28: 001.085 | B28: I1562 | C28: COMISION TOPOGRAFICA (INCLUYE TOPOGRAFO, CADENERO Y EQUIPO TOPOGRAFÍA (ESTACIÓN Y NIVEL)). | D28: Insumos | E28: DIA | F28: 0.004 | G28: 692001 | H28: 2768
A29: 001.085 | B29: I425 | C29: PUNTILLA CON CABEZA 2" | D29: Insumos | E29: LB | F29: 0.01 | G29: 5100 | H29: 51
A30: 001.085 | B30: I998 | C30: LATA DE GUADUA | D30: Insumos | E30: UND | F30: 1 | G30: 545 | H30: 545
A32: 029.013 | B32: - | C32: DEMOLICION MECANICA DE PAVIMENTO CONCRETO ASFALTICO. INCLUYE RETIRO Y DISPOSICION EN SITIO AUTORIZADO | D32: Actividad | E32: M3 | I32: 103479 | J32: =+$J$5 -> 0.3522 | K32: =ROUND(+I32*(1+J32),0) -> 139924
A33: 029.013 | B33: C44 | C33: CUADRILLA AA (2 AYUDANTES) | D33: Cuadrilla | E33: HR | F33: 0.35 | G33: 23678 | H33: 8287
A34: 029.013 | B34: E24 | C34: VOLQUETA 6M3 (CARGUE A MANO) - INCLUYE DISPOSICION EN BOTADERO | D34: Equipos | E34: VJE | F34: 0.16666667 | G34: 310000 | H34: 51667
A35: 029.013 | B35: E139 | C35: Minicargador (CAT -D236)(Bobcat S570) con PALA | D35: Equipos | E35: HR | F35: 0.14285714 | G35: 116620 | H35: 16660
A36: 029.013 | B36: E140 | C36: Minicargador (CAT -D236)(Bobcat S570) con MARTILLO | D36: Equipos | E36: HR | F36: 0.14285714 | G36: 171360 | H36: 24480
A37: 029.013 | B37: H2 | C37: EQUIPO BASICO (HERRAMIENTA MENOR) | D37: Herramienta | E37: UND | F37: 0.35 | G37: 3484 | H37: 1219
A38: 029.013 | B38: I1565 | C38: ACARREO INTERNO | D38: Insumos | E38: UND | F38: 0.639 | G38: 1824 | H38: 1166
A40: 029.007 | B40: - | C40: DEMOLICIÓN DE ANDENES Y SARDINELES EN CONCRETO HIDRÁULICO - INCLUYE CARGUE A MANO, RETIRO Y DISPOSICIÓN EN BOTADERO | D40: Actividad | E40: M3 | I40: 116870 | J40: =+$J$5 -> 0.3522 | K40: =ROUND(+I40*(1+J40),0) -> 158032
A41: 029.007 | B41: C1 | C41: CUADRILLA AA TIPO 1 (1 OFICIAL + 1 AYUDANTE) (Albañileria) | D41: Cuadrilla | E41: HR | F41: 0.78 | G41: 30782 | H41: 24010
A42: 029.007 | B42: E7 | C42: COMPRESOR 1 MARTILLO 1 OPERARIO | D42: Equipos | E42: HR | F42: 0.5 | G42: 76160 | H42: 38080
A43: 029.007 | B43: E24 | C43: VOLQUETA 6M3 (CARGUE A MANO) - INCLUYE DISPOSICION EN BOTADERO | D43: Equipos | E43: VJE | F43: 0.1625 | G43: 310000 | H43: 50375
A44: 029.007 | B44: H2 | C44: EQUIPO BASICO (HERRAMIENTA MENOR) | D44: Herramienta | E44: UND | F44: 0.78 | G44: 3484 | H44: 2718
A45: 029.007 | B45: I1565 | C45: ACARREO INTERNO | D45: Insumos | E45: UND | F45: 0.925 | G45: 1824 | H45: 1687
A47: 029.014 | B47: - | C47: DEMOLICION MECANICA DE PAVIMENTO EN CONCRETO HIDRAULICO. INCLUYE RETIRO Y DISPOSICION EN SITIO AUTORIZADO | D47: Actividad | E47: M3 | I47: 121208 | J47: =+$J$5 -> 0.3522 | K47: =ROUND(+I47*(1+J47),0) -> 163897
A48: 029.014 | B48: C44 | C48: CUADRILLA AA (2 AYUDANTES) | D48: Cuadrilla | E48: HR | F48: 0.4 | G48: 23678 | H48: 9471
A49: 029.014 | B49: E24 | C49: VOLQUETA 6M3 (CARGUE A MANO) - INCLUYE DISPOSICION EN BOTADERO | D49: Equipos | E49: VJE | F49: 0.16666667 | G49: 310000 | H49: 51667
A50: 029.014 | B50: E140 | C50: Minicargador (CAT -D236)(Bobcat S570) con MARTILLO | D50: Equipos | E50: HR | F50: 0.33333333 | G50: 171360 | H50: 57120
A51: 029.014 | B51: H2 | C51: EQUIPO BASICO (HERRAMIENTA MENOR) | D51: Herramienta | E51: UND | F51: 0.4 | G51: 3484 | H51: 1394
A52: 029.014 | B52: I1565 | C52: ACARREO INTERNO | D52: Insumos | E52: UND | F52: 0.853 | G52: 1824 | H52: 1556
A54: 032.389 | B54: - | C54: FRESADO PAVIMENTO ASFÁLTICO, INCLUYE CARGUE MECÁNICO Y RETIRO HASTA 15KM | D54: Actividad | E54: M3-SUELTO | I54: 104967 | J54: =+$J$5 -> 0.3522 | K54: =ROUND(+I54*(1+J54),0) -> 141936
A55: 032.389 | B55: H2 | C55: EQUIPO BASICO (HERRAMIENTA MENOR) | D55: Herramienta | E55: UND | F55: 0.2 | G55: 3484 | H55: 697
A56: 032.389 | B56: E6 | C56: COMPRESOR (BARRIDO Y/O SOPLADO DE LA SUPERFICIE PAVIMENTO) | D56: Equipos | E56: HR | F56: 0.06 | G56: 102636 | H56: 6158
A57: 032.389 | B57: E144 | C57: FRESADORA DE PAVIMENTO | D57: Equipos | E57: HR | F57: 0.06 | G57: 410319 | H57: 24619
A58: 032.389 | B58: C8 | C58: CUADRILLA AA TIPO 2 (1 OFICIAL + 2 AYUDANTE) (Albañileria) | D58: Cuadrilla | E58: HR | F58: 1.2 | G58: 42621 | H58: 51145
A59: 032.389 | B59: E131 | C59: ALQUILER DE VOLQUETA SENCILLA | D59: Equipos | E59: DIA | F59: 0.01878 | G59: 1190000 | H59: 22348
A62: 002.001 | B62: - | C62: EXCAVACIÓN EN ZANJA - MATERIAL COMÚN - 0.0 A 2.0 M | D62: Actividad | E62: M3 | I62: 36872 | J62: =+$J$5 -> 0.3522 | K62: =ROUND(+I62*(1+J62),0) -> 49858
A63: 002.001 | B63: C1 | C63: CUADRILLA AA TIPO 1 (1 OFICIAL + 1 AYUDANTE) (Albañileria) | D63: Cuadrilla | E63: HR | F63: 1.1 | G63: 30782 | H63: 33860
A64: 002.001 | B64: I282 | C64: SUELO CEMENTO 10:1 | D64: Insumos | E64: M3 | F64: 0.01 | G64: 195036 | H64: 1950
A65: 002.001 | B65: H2 | C65: EQUIPO BASICO (HERRAMIENTA MENOR) | D65: Herramienta | E65: UND | F65: 0.2 | G65: 3484 | H65: 697
A66: 002.001 | B66: I1565 | C66: ACARREO INTERNO | D66: Insumos | E66: UND | F66: 0.2 | G66: 1824 | H66: 365
A68: 002.015 | B68: - | C68: EXCAVACIÓN MECANIZADA P/ESTRUCTURAS-MATER COMÚN/CONGLOM 0.0 A 6.0 M. | D68: Actividad | E68: M3 | I68: 12266 | J68: =+$J$5 -> 0.3522 | K68: =ROUND(+I68*(1+J68),0) -> 16586
A69: 002.015 | B69: C1 | C69: CUADRILLA AA TIPO 1 (1 OFICIAL + 1 AYUDANTE) (Albañileria) | D69: Cuadrilla | E69: HR | F69: 0.18 | G69: 30782 | H69: 5541
A70: 002.015 | B70: E43 | C70: RETROCARGADORA DE LLANTAS (PAJARITA) | D70: Equipos | E70: HR | F70: 0.035 | G70: 152320 | H70: 5331
A71: 002.015 | B71: H2 | C71: EQUIPO BASICO (HERRAMIENTA MENOR) | D71: Herramienta | E71: UND | F71: 0.4 | G71: 3484 | H71: 1394
A73: 002.016 | B73: - | C73: EXCAVACIÓN A CIELO ABIERTO - MATERIAL COMÚN - 0.0 A 2.0 M | D73: Actividad | E73: M3 | I73: 40032 | J73: =+$J$5 -> 0.3522 | K73: =ROUND(+I73*(1+J73),0) -> 54131
A74: 002.016 | B74: C1 | C74: CUADRILLA AA TIPO 1 (1 OFICIAL + 1 AYUDANTE) (Albañileria) | D74: Cuadrilla | E74: HR | F74: 1.18 | G74: 30782 | H74: 36323
A75: 002.016 | B75: I282 | C75: SUELO CEMENTO 10:1 | D75: Insumos | E75: M3 | F75: 0.01 | G75: 195036 | H75: 1950
A76: 002.016 | B76: H2 | C76: EQUIPO BASICO (HERRAMIENTA MENOR) | D76: Herramienta | E76: UND | F76: 0.4 | G76: 3484 | H76: 1394
A77: 002.016 | B77: I1565 | C77: ACARREO INTERNO | D77: Insumos | E77: UND | F77: 0.2 | G77: 1824 | H77: 365
A79: 002.017 | B79: - | C79: EXCAVACIÓN A CIELO ABIERTO - CONGLOMERADO - 0.0 A 2.0 M | D79: Actividad | E79: M3 | I79: 57940 | J79: =+$J$5 -> 0.3522 | K79: =ROUND(+I79*(1+J79),0) -> 78346
A80: 002.017 | B80: C1 | C80: CUADRILLA AA TIPO 1 (1 OFICIAL + 1 AYUDANTE) (Albañileria) | D80: Cuadrilla | E80: HR | F80: 1.54 | G80: 30782 | H80: 47404
A81: 002.017 | B81: I282 | C81: SUELO CEMENTO 10:1 | D81: Insumos | E81: M3 | F81: 0.045 | G81: 195036 | H81: 8777
A82: 002.017 | B82: H2 | C82: EQUIPO BASICO (HERRAMIENTA MENOR) | D82: Herramienta | E82: UND | F82: 0.4 | G82: 3484 | H82: 1394
A83: 002.017 | B83: I1565 | C83: ACARREO INTERNO | D83: Insumos | E83: UND | F83: 0.2 | G83: 1824 | H83: 365
A85: 002.050 | B85: - | C85: RELLENO EN MATERIAL SELECCIONADO PROVENIENTE DE LA EXCAVACION (CANGURO) | D85: Actividad | E85: M3 | I85: 36529 | J85: =+$J$5 -> 0.3522 | K85: =ROUND(+I85*(1+J85),0) -> 49395
A86: 002.050 | B86: C1 | C86: CUADRILLA AA TIPO 1 (1 OFICIAL + 1 AYUDANTE) (Albañileria) | D86: Cuadrilla | E86: HR | F86: 0.86 | G86: 30782 | H86: 26473
A87: 002.050 | B87: E48 | C87: CANGURO | D87: Equipos | E87: DIA | F87: 0.12 | G87: 73304 | H87: 8796
A88: 002.050 | B88: H2 | C88: EQUIPO BASICO (HERRAMIENTA MENOR) | D88: Herramienta | E88: UND | F88: 0.1 | G88: 3484 | H88: 348
A89: 002.050 | B89: I1565 | C89: ACARREO INTERNO | D89: Insumos | E89: UND | F89: 0.5 | G89: 1824 | H89: 912
A91: 033.098 | B91: - | C91: SUMINISTRO, TRANSPORTE E INSTALACION FILTRO DRENAJE (0.60 x 0.60 m) Tubo Drenaje Corrugado de 4" con filtro. Incluye relleno piedra filtro, Geotextil NT 3000 | D91: Actividad | E91: ML | I91: 137359.9 | J91: =+$J$5 -> 0.3522 | K91: =ROUND(+I91*(1+J91),0) -> 185738
A92: 033.098 | B92: C16 | C92: CUADRILLA BB TIPO 3 (1 OFICIAL + 3 AYUDANTE) (Instalaciones) | D92: Cuadrilla | E92: HR | F92: 0.5 | G92: 59910 | H92: 29955
A93: 033.098 | B93: E12 | C93: EQUIPO DE TRANSPORTE | D93: Equipos | E93: DIA | F93: 0.012 | G93: 180217 | H93: 2163
A94: 033.098 | B94: H2 | C94: EQUIPO BASICO (HERRAMIENTA MENOR) | D94: Herramienta | E94: UND | F94: 0.2 | G94: 3484 | H94: 697
A95: 033.098 | B95: I1565 | C95: ACARREO INTERNO | D95: Insumos | E95: UND | F95: 0.1 | G95: 1824 | H95: 182
A96: 033.098 | B96: I48 | C96: PIEDRA FILTRO | D96: Insumos | E96: M3 | F96: 0.414 | G96: 120950 | H96: 50073
A97: 033.098 | B97: I513 | C97: GEOTEXTIL NO TEJIDO 3000 PAVCO O SIMILAR | D97: Insumos | E97: M2 | F97: 3.36 | G97: 10750 | H97: 36120
A98: 033.098 | B98: I731 | C98: TUBO DRENAJE CORRUGADA PVC 100 MM ( 4") SIN FILTRO. TRAMOS DE 5 M. CON UNIÓN. | D98: Insumos | E98: M | F98: 1.01 | G98: 17990 | H98: 18169.9
A100: 002.086 | B100: - | C100: RETIRO DE MATERIAL SOBRANTE EN VOLQUETA, CARGUE MECANICO, DISPOSICIÓN EN BOTADERO (HASTA 25 KM) | D100: Actividad | E100: M3-Suelto | I100: 33299 | J100: =+$J$5 -> 0.3522 | K100: =ROUND(+I100*(1+J100),0) -> 45027
A101: 002.086 | B101: I2414 | C101: DERECHO A BOTADERO - LA NUBIA | D101: Insumos | E101: M3 | F101: 1 | G101: 8715 | H101: 8715
A102: 002.086 | B102: E12 | C102: EQUIPO DE TRANSPORTE | D102: Equipos | E102: DIA | F102: 0.005 | G102: 180217 | H102: 901
A103: 002.086 | B103: E43 | C103: RETROCARGADORA DE LLANTAS (PAJARITA) | D103: Equipos | E103: HR | F103: 0.025 | G103: 152320 | H103: 3808
A104: 002.086 | B104: E25 | C104: VOLQUETA SENCILLA 8M3 | D104: Equipos | E104: VJE | F104: 0.125 | G104: 159000 | H104: 19875
A106: 002.089 | B106: - | C106: RETIRO DE MATERIAL SOBRANTE EN VOLQUETA, CARGUE MANUAL, DISPOSICIÓN EN BOTADERO (HASTA 25 KM) | D106: Actividad | E106: M3-Suelto | I106: 40777 | J106: =+$J$5 -> 0.3522 | K106: =ROUND(+I106*(1+J106),0) -> 55139
A107: 002.089 | B107: I2414 | C107: DERECHO A BOTADERO - LA NUBIA | D107: Insumos | E107: M3 | F107: 1 | G107: 8715 | H107: 8715
A108: 002.089 | B108: H2 | C108: EQUIPO BASICO (HERRAMIENTA MENOR) | D108: Herramienta | E108: UND | F108: 0.1 | G108: 3484 | H108: 348
A109: 002.089 | B109: C44 | C109: CUADRILLA AA (2 AYUDANTES) | D109: Cuadrilla | E109: HR | F109: 0.5 | G109: 23678 | H109: 11839
A110: 002.089 | B110: E25 | C110: VOLQUETA SENCILLA 8M3 | D110: Equipos | E110: VJE | F110: 0.125 | G110: 159000 | H110: 19875
A112: 023.008 | B112: - | C112: SUMINISTRO, TRANSPORTE E INSTALACION AFIRMADO PARA ANDENES | D112: Actividad | E112: M3 | I112: 114633 | J112: =+$J$5 -> 0.3522 | K112: =ROUND(+I112*(1+J112),0) -> 155007
A113: 023.008 | B113: C15 | C113: CUADRILLA AA TIPO 3 (1 OFICIAL + 3 AYUDANTE) (Albañileria) | D113: Cuadrilla | E113: HR | F113: 0.61083333 | G113: 54460 | H113: 33266
A114: 023.008 | B114: E47 | C114: VIBROCOMPACTADOR TIPO RANA | D114: Equipos | E114: DIA | F114: 0.083333333 | G114: 45934 | H114: 3828
A115: 023.008 | B115: H2 | C115: EQUIPO BASICO (HERRAMIENTA MENOR) | D115: Herramienta | E115: UND | F115: 0.02 | G115: 3484 | H115: 70
A116: 023.008 | B116: I1565 | C116: ACARREO INTERNO | D116: Insumos | E116: UND | F116: 0.6 | G116: 1824 | H116: 1094
A117: 023.008 | B117: I50 | C117: AFIRMADO (Incluye transporte) | D117: Insumos | E117: M3 | F117: 1.3 | G117: 58750 | H117: 76375
A119: 023.009 | B119: - | C119: SUMINISTRO, TRANSPORTE E INSTALACION BASE COMPACTADA CON CILINDRO | D119: Actividad | E119: M3 | I119: 194940 | J119: =+$J$5 -> 0.3522 | K119: =ROUND(+I119*(1+J119),0) -> 263598
A120: 023.009 | B120: C43 | C120: AYUDANTE AA (ALBAÑILERIA) | D120: Cuadrilla | E120: HR | F120: 0.2 | G120: 11839 | H120: 2368
A121: 023.009 | B121: E12 | C121: EQUIPO DE TRANSPORTE | D121: Equipos | E121: DIA | F121: 0.05 | G121: 180217 | H121: 9011
...

Sheet AIU
A1: ANALISIS DEL AIU
L2: 2000000000
A3: Valor estimado de la Obra (Costo Directo). | D3: Valor | E3: 1479073185 | L3: =ROUND(L2/(1+J54),0) -> 1479073185 | M3: =+E3-L3 -> 0
A4: Plazo estimado de ejecución. | D4: Meses | E4: 4
A5: Contratista Persona Natural (SI o NO) | E5: no
E6: =+E4*30 -> 120 | L6: =ROUND(L3*(1+J54),0) -> 1999999999
A7: CAPITULO | B7: TIPO DE GASTO | C7: UN | D7: CANTIDAD. | E7: DEDICACION | F7: VLOR UNITARIO (mes) | G7: FACTOR PRESTACIONAL O FACTOR AIU (PARA INDIRECTOS) | H7: VALOR TOTAL | I7: SUMA | J7: PORCENTAJE
A8: 1 | B8: GASTOS GENERALES. | J8: =+J9 -> 0.08736258
A9: 1.1 | B9: MANO DE OBRA Y GASTOS DE OFICINA | I9: =SUM(H10:H29) -> 1.2921565e+08 | J9: =+I9/$E$3 -> 0.08736258
B10: Contratista (solo aplica para personas naturales) | C10: Un | D10: =+IF(E5="SI",1,0) -> 0 | E10: 0.25 | F10: 15400000 | G10: 0.6556 | H10: =+D10*E10*$E$4*F10*(1+G10) -> 0 | J10: =+H10/$E$3 -> 0
B11: Ingeniero Director | C11: Un | D11: 1 | E11: 0 | F11: 6500000 | G11: 0.5483 | H11: =+D11*E11*$E$4*F11*(1+G11) -> 0 | J11: =+H11/$E$3 -> 0
B12: Director de obra | C12: un | D12: 1 | E12: 0.2 | F12: 6710444 | G12: 0.6556 | H12: =+D12*E12*$E$4*F12*(1+G12) -> 8887848.9 | J12: =+H12/$E$3 -> 0.0060090663
B13: Ingeniero Residente | C13: Un | D13: 1 | E13: 1 | F13: 4446382 | G13: 0.6556 | H13: =+D13*E13*$E$4*F13*(1+G13) -> 29445720 | J13: =+H13/$E$3 -> 0.019908224
B14: Maestro de Obra | C14: Un | D14: 2 | E14: 1 | F14: 3600000 | G14: 0.6556 | H14: =+D14*E14*$E$4*F14*(1+G14) -> 47681280 | J14: =+H14/$E$3 -> 0.032237269
B15: Residente de Salud Ocupacional | C15: Un | D15: 1 | E15: 0.5 | F15: 3600000 | G15: 0.6556 | H15: =+D15*E15*$E$4*F15*(1+G15) -> 11920320 | J15: =+H15/$E$3 -> 0.0080593172
B16: Trabajador social | C16: Un | D16: 1 | E16: 0.5 | F16: 3600000 | G16: 0.6556 | H16: =+D16*E16*$E$4*F16*(1+G16) -> 11920320 | J16: =+H16/$E$3 -> 0.0080593172
B17: Almacenista | C17: Un | D17: 1 | E17: 0 | F17: 1460000 | G17: 0.6995 | H17: =+D17*E17*$E$4*F17*(1+G17) -> 0 | J17: =+H17/$E$3 -> 0
B18: Celador con prestaciones | C18: Un | D18: 1 | E18: 0 | F18: 1460000 | G18: 0.6995 | H18: =+D18*E18*$E$4*F18*(1+G18) -> 0 | J18: =+H18/$E$3 -> 0
B19: Secretaria con prestaciones | C19: Un | D19: 1 | E19: 0 | F19: 2000000 | G19: 0.6995 | H19: =+D19*E19*$E$4*F19*(1+G19) -> 0 | J19: =+H19/$E$3 -> 0
B20: Contador | C20: Un | D20: 1 | E20: 0 | F20: 1500000 | G20: 0.6995 | H20: =+D20*E20*$E$4*F20*(1+G20) -> 0 | J20: =+H20/$E$3 -> 0
B21: Profesional ambiental | C21: Un | D21: 1 | E21: 0.25 | F21: 3600000 | G21: 0.6556 | H21: =+D21*E21*$E$4*F21*(1+G21) -> 5960160 | J21: =+H21/$E$3 -> 0.0040296586
B22: Oficina y/o campamento (Incluye Equipo de Oficina, Escritorio, pc, impresora, sillas, papeleria, consumo servicios publicos etc) | C22: Mes | D22: 1 | E22: 1 | F22: 800000 | H22: =+D22*E22*$E$4*F22*(1+G22) -> 3200000 | J22: =+H22/$E$3 -> 0.002163517
B23: Elaboracion de PMTs | C23: GL | F23: 1000000 | H23: =+F23 -> 1000000 | J23: =+H23/$E$3 -> 0.00067609907
B24: Señalizacion de obra | C24: GL | D24: 1 | E24: 1 | F24: 5000000 | H24: =+F24 -> 5000000 | J24: =+H24/$E$3 -> 0.0033804953
B25: Vallas (18 m2) | C25: GL | D25: 1 | E25: 1 | F25: 1000000 | H25: =+F25 -> 1000000 | J25: =+H25/$E$3 -> 0.00067609907
B26: Sistema de gestion ambiental | C26: Mes | D26: 1 | E26: 0 | F26: 300000 | H26: =+F26 -> 300000 | J26: =+H26/$E$3 -> 0.00020282972
B27: Sistema de gestion de calidad | C27: Mes | D27: 1 | E27: 0 | F27: 600000 | H27: =+F27 -> 600000 | J27: =+H27/$E$3 -> 0.00040565944
B28: Costos financiero | C28: Mes | D28: 1 | E28: 0 | F28: 300000 | H28: =+F28 -> 300000 | J28: =+H28/$E$3 -> 0.00020282972
B29: Ensayos de laboratorio | C29: GL | D29: 1 | E29: 1 | F29: 2000000 | H29: =+F29 -> 2000000 | J29: =+H29/$E$3 -> 0.0013521981
A30: 2 | B30: GASTOS INDIRECTOS. | J30: =+J31+J33+J41 -> 0.20483555
A31: 2.1 | B31: LEGALIZACION. | I31: =SUM(H32:H32) -> 0 | J31: =+I31/$E$3 -> 0
B32: AIU ITERACION | G32: 1.3522 | H32: =+F32*D32*G32 -> 0 | J32: =+H32/$E$3 -> 0
A33: 2.2 | B33: POLIZAS | I33: =SUM(H34:H39) -> 17566380 | J33: =+I33/$E$3 -> 0.011876613
B34: Seriedad de la Propuesta. | C34: % | D34: 0 | F34: =+$E$3 -> 1479073185 | G34: =+$G$32 -> 1.3522 | H34: =+F34*D34*G34 -> 0 | J34: =+H34/$E$3 -> 0
B35: Anticipo | C35: % | D35: 0 | F35: =+$E$3 -> 1479073185 | G35: =+$G$32 -> 1.3522 | H35: =+F35*D35*G35 -> 0 | J35: =+H35/$E$3 -> 0
B36: Cumplimiento | C36: % | D36: 0.0006 | F36: =+$E$3 -> 1479073185 | G36: =+$G$32 -> 1.3522 | H36: =+(((F36*G36*D36)/365)*($E$6+120))*1.19 -> 938960.2 | J36: =+H36/$E$3 -> 0.00063483012
B37: Estabilidad | C37: % | D37: 0.0009 | F37: =+$E$3 -> 1479073185 | G37: =+$G$32 -> 1.3522 | H37: =+(((F37*G37*D37)/365)*(1825))*1.19 -> 10710015 | J37: =+H37/$E$3 -> 0.007241031
B38: Prestaciones Sociales | C38: % | D38: 0.0005 | F38: =+$E$3 -> 1479073185 | G38: =+$G$32 -> 1.3522 | H38: =+(((F38*G38*D38)/365)*($E$6+1095))*1.19 -> 3961238.3 | J38: =+H38/$E$3 -> 0.0026781895
B39: Responsabilidad Civil | C39: % | D39: 0.0025 | F39: =+$E$3 -> 1479073185 | G39: =+$G$32 -> 1.3522 | H39: =+(((F39*G39*D39)/365)*($E$6+0))*1.19 -> 1956167.1 | J39: =+H39/$E$3 -> 0.0013225627
B40: Todo riesgo | C40: % | D40: 0 | F40: =+$E$3 -> 1479073185 | G40: =+$G$32 -> 1.3522 | H40: =+F40*D40*G40 -> 0 | J40: =+H40/$E$3 -> 0
A41: 2.3 | B41: IMPUESTOS Y CONTRIBUCIONES | I41: =SUM(H42:H49) -> 2.8540039e+08 | J41: =+I41/$E$3 -> 0.19295894
B42: Contribuación Especial | C42: % | D42: 0.05 | F42: =+$E$3 -> 1479073185 | G42: =+$G$32 -> 1.3522 | H42: =+F42*D42*G42 -> 1.0000014e+08 | J42: =+H42/$E$3 -> 0.06761
B43: Estampillas para el bienestar del adulto mayor | C43: % | D43: 0.02 | F43: =+$E$3 -> 1479073185 | G43: =+$G$32 -> 1.3522 | H43: =+F43*D43*G43 -> 40000055 | J43: =+H43/$E$3 -> 0.027044
B44: Estampillas Pro - Universidades. | C44: % | D44: 0.02 | F44: =+$E$3 -> 1479073185 | G44: =+$G$32 -> 1.3522 | H44: =+F44*D44*G44 -> 40000055 | J44: =+H44/$E$3 -> 0.027044
B45: Estampilla pro cultura | C45: % | D45: 0.02 | F45: =+$E$3 -> 1479073185 | G45: =+$G$32 -> 1.3522 | H45: =+F45*D45*G45 -> 40000055 | J45: =+H45/$E$3 -> 0.027044
B46: Estampilla pro justicia familiar | C46: % | D46: 0.02 | F46: =+$E$3 -> 1479073185 | G46: =+$G$32 -> 1.3522 | H46: =+F46*D46*G46 -> 40000055 | J46: =+H46/$E$3 -> 0.027044
B47: Gasto bancarios4x1000 y retiros | C47: % | D47: 0.004 | F47: =+$E$3 -> 1479073185 | G47: =+$G$32 -> 1.3522 | H47: =+F47*D47*G47 -> 8000011 | J47: =+H47/$E$3 -> 0.0054088
B48: Industria y Comercio 3,7 x 1.000 sobre valor total | C48: % | D48: 0.0037 | F48: =+$E$3 -> 1479073185 | G48: =+$G$32 -> 1.3522 | H48: =+F48*D48*G48 -> 7400010.2 | J48: =+H48/$E$3 -> 0.00500314
B49: Tasa pro deporte y recreación | C49: % | D49: 0.005 | F49: =+$E$3 -> 1479073185 | G49: =+$G$32 -> 1.3522 | H49: =+F49*D49*G49 -> 10000014 | J49: =+H49/$E$3 -> 0.006761
B50: TOTAL GASTOS INDIRECTOS DE ADMINISTRACION. | I50: =SUM(I9:I49) -> 4.3218242e+08 | J50: =SUM(J8:J49)/3 -> 0.29219813
B51: IMPREVISTO | J51: 0
B52: UTILIDAD: | J52: 0.06
B53: IVA SOBRE UTILIDAD: | J53: =J52*I53 -> 0
B54: A.I.U. | J54: =SUM(J50:J53) -> 0.35219813
B58: ALCALDIA DE MANIZALES. | D58: Base - Tope | E58: Porcentaje | F58: Vlor x Millón o fracción.
B59: Estampilla Pro-Hospital. | E59: 0.02
B60: Estampilla Pro-Universidad. | E60: 0.01
B61: Timbre | D61: 53000000 | E61: 0.0075
B62: Retención en la Fuente. | E62: 0.01
B63: Publicación Diario Oficial. | F63: 5530
B64: Contribución Especial (Impovias). | E64: 0.05
B65: Industria y comercio (4 X 1.000 Ing. Brutos). | E65: 0.004

Sheet PROPUESTA (PROPONENTE)
C3: Formulario 1 - Propuesta económica - Documento tipo de licitación de obra pública de infraestructura de transporte - versión 4
C4: Código | D4: CCE-EICP-FM-14 | E4: Versión | F4: 4
C5: FORMULARIO 1
C6: PROPUESTA ECONÓMICA
C7: [La entidad puede utilizar este formulario de presentación de propuesta económica de forma detallada, sin perjuicio que la entidad pueda modificarlo o establecer la presentación de la oferta económica con un formulario distinto al indicado.] [Los proponentes emplearán el formulario establecido por la entidad para determinar su propuesta económica conforme al Formulario 1 - Presupuesto Oficial publicado por la Entidad]
C9: Cuando el proceso de contratación es estructurado por precios unitarios, la Entidad debe aplicar las notas 1, 2 y 3 del presente formato y las casillas de "Descripción", "Porcentaje" de la Administración, Imprevisto, Utilidad y total A.I.U. resaltadas en color amarillo.
C11: Nº | D11: ÍTEM DE PAGO | E11: ESPECIFICACIONES | G11: DESCRIPCIÓN | H11: UND. | I11: CANTIDAD | J11: VALOR UNITARIO | K11: VALOR TOTAL
E12: GENERAL | F12: PARTICULAR
C15: Subtotal
C21: Subtotal
C31: Subtotal
C36: Subtotal
C39: Subtotal
C40: SUBTOTAL OBRAS
G45: SUBTOTAL OBRAS (INCLUYE IVA)
G49: VALOR TOTAL
C52: NOTA 1: Se debe tener en cuenta que el PRECIO UNITARIO incluye el valor de A.I.U. | H52: DESCRIPCIÓN | K52: PORCENTAJE
C53: NOTA 2: Cuando la fracción decimal del peso sea igual o superior a 5 se aproximara por exceso al número entero siguiente del peso y cuando la fracción decimal del peso sea inferior a 5 se aproximará por defecto al número entero del peso. | H53: ADMINISTRACIÓN | J53: A= | K53: [Ofrecimiento del Proponente]
C54: NOTA 3: El A.I.U y su discriminación deben estar en porcentaje (%). | H54: IMPREVISTO | J54: I= | K54: [Ofrecimiento del Proponente]
H55: UTILIDAD | J55: U= | K55: [Ofrecimiento del Proponente]
H56: TOTAL A.I.U | J56: A.I.U.= | K56: [Ofrecimiento del Proponente]
G59: Firma del Proponente o de su Representante Legal
